 Dungeon Crawl Stone Soup version 0.26-a0-639-g72c4674329 (webtiles) character file.

Game seed: 9174970226535703613

78675 Flugslaktarn the Severer (level 15, -5/148 HPs)
             Began as a Deep Dwarf Fighter on Sept 28, 2020.
             Was the Champion of Makhleb.
             Killed from afar by a nagaraja (28 damage)
             ... with a poison arrow
             ... on level 4 of the Snake Pit.
             The game lasted 00:12:10 (14551 turns).

Flugslaktarn the Severer (Deep Dwarf Fighter)      Turns: 14551, Time: 00:12:11

Health: -5/148     AC: 33    Str: 22    XL:     15   Next: 18%
Magic:  18/18      EV:  6    Int: 10    God:    Makhleb [******]
Gold:   359        SH: 20    Dex: 10    Spells: 14/14 levels left

rFire    + . .     SeeInvis .   o - +4 war axe (flame)
rCold    + . .     Faith    .   D - +8 kite shield "Xur Simu" {rC+ Dex-5 Stlth+}
rNeg     + . .     Spirit   .   l - +0 plate armour
rPois    .         Reflect  .   s - +2 helmet
rElec    .         Harm     .   n - +2 cloak
rCorr    .         Rampage  .   M - +2 pair of gloves
MR       ++...                  k - +2 pair of boots
Stlth    ..........             (no amulet)
HPRegen  0.00/turn              p - +4 ring of protection
MPRegen  0.16/turn              f - ring of protection from fire

@: lethally poisoned (-5 -> -51), non-regenerating
A: damage resistance, heal wounds, negative energy resistance 1, sense
surroundings 2, no regeneration
a: Heal Wounds, Minor Destruction, Lesser Servant of Makhleb, Major Destruction,
Greater Servant of Makhleb, Renounce Religion


You were on level 4 of the Snake Pit.
You worshipped Makhleb.
Makhleb was exalted by your worship.
You visited 5 branches of the dungeon, and saw 24 of its levels.
You also visited: Bailey, Gauntlet and Ice Cave.

You collected 2035 gold pieces.
You spent 1676 gold pieces at shops.

Inventory:

Hand Weapons
 o - a +4 war axe of flaming (weapon)
   (You took it off an orc on level 12 of the Dungeon)
Missiles
 H - 5 throwing nets (quivered)
Armour
 k - a +2 pair of boots (worn)
   (You found it on level 2 of the Dungeon)
 l - a +0 plate armour (worn)
   (You found it on level 2 of the Dungeon)
 n - a +2 cloak (worn)
   (You took it off Crazy Yiuf on level 5 of the Dungeon)
 s - a +2 helmet (worn)
   (You found it on level 5 of the Dungeon)
 D - the +8 kite shield "Xur Simu" (worn) {rC+ Dex-5 Stlth+}
   (You acquired it on level 2 of the Orcish Mines)

   It affects your dexterity (-5).
   It protects you from cold.
   It makes you more stealthy.
 I - a +0 kite shield
 M - a +2 pair of gloves (worn)
   (You found it on level 15 of the Dungeon)
Jewellery
 e - an uncursed ring of flight
   (You found it on level 1 of the Dungeon)
 f - a ring of protection from fire (right hand)
   (You found it on level 10 of the Dungeon)
 i - an uncursed ring of see invisible
   (You found it on level 8 of the Dungeon)
 p - a +4 ring of protection (left hand)
   (You found it on level 10 of the Dungeon)
Wands
 b - a wand of digging (18)
   (You found it on level 5 of the Dungeon)
 g - a wand of paralysis (6)
   (You found it on level 2 of the Snake Pit)
 B - a wand of acid (1)
   (You found it on level 13 of the Dungeon)
 K - a wand of iceblast (21)
   (You found it on level 13 of the Dungeon)
Scrolls
 j - 4 scrolls of fear
 r - 4 scrolls of identify
 t - 4 scrolls of teleportation
 u - a scroll of holy word
 x - 8 scrolls of remove curse
 y - 2 scrolls of magic mapping
 z - 6 scrolls of blinking
 G - a scroll of summoning
 J - 3 scrolls of fog
 L - a scroll of enchant armour
Potions
 a - 12 potions of ambrosia
 c - a potion of mutation
 d - 4 potions of might
 h - 6 potions of haste
 m - a potion of flight
 q - 5 potions of curing
 v - a potion of degeneration
 w - 4 potions of heal wounds
 A - 6 potions of lignification
 C - a potion of invisibility
 E - a potion of magic
Miscellaneous
 F - a condenser vane (2/2)
   (You bought it in a shop on level 4 of the Dungeon)


   Skills:
 * Level 13.2 Fighting
 * Level 15.2 Axes
 + Level 11.4 Armour
 + Level 11.4 Shields
 + Level 12.2 Invocations
 - Level 10.0 Evocations


You had 14 spell levels left.
You didn't know any spells.
Your spell library was empty.

Dungeon Overview and Level Annotations

Branches:
Dungeon (15/15)            Temple (1/1) D:4            Lair (2/6) D:9
  Swamp (0/4) Lair:2        Snake (4/4) Lair:2          Orc (2/2) D:11
    Elf (0/3) Orc:2        Vaults (0/5) D:14         Depths (0/5) D:15
 Bailey (visited)           IceCv (visited)         Gauntlet (visited)

Altars:
Dithmenos
Elyvilon
Fedhas
Gozag
Hepliaklqana
Kikubaaqudgha
Makhleb
Nemelex Xobeh
Okawaru
Qazlal
Ru
Sif Muna
Trog
Uskayaw
Vehumet
Xom
Yredelemnul
Zin
The Shining One

Shops:
D:4 }   D:7 }   D:10 ?   D:14 (*(   Orc:2 }[:?

Annotations:
D:6 1 exclusion
Snake:1 Louise
Orc:1 ma3's ghost, journeyman DDFi


Innate Abilities, Weirdness & Mutations

You are resistant to damage.
You can heal yourself by infusing magical energy.
You resist negative energy. (rN+)
You passively map the area around you.
You do not regenerate.


Message History

You block the naga's attack.
The nagaraja gestures at you while chanting.
The bolt of poison hits you!!
You are more poisoned.
* * * LOW HITPOINT WARNING * * *
You are too injured to fight recklessly!
You are too injured to fight recklessly!
You are too injured to fight recklessly!
You are too injured to fight recklessly!
You are too injured to fight recklessly!
You are too injured to fight recklessly!
You are too injured to fight recklessly!
You are too injured to fight recklessly!
You are too injured to fight recklessly!
A demon appears!
You feel very sick.
The nagaraja points at you and mumbles some strange words.
The poison arrow hits you!!
You are lethally poisoned!
You die...

,, *, , , , ,##§§§§.#.######
* , * * ,##§§§(.##.# , *
##≈≈≈)[##..# ≈** , , ,
##≈≈≈).##...###### ≈** ,,,,
##≈≈≈))##.......... ,,
,###≈≈≈.)##...#.###### ,,
§########≈≈≈...##......# ###
,
≈§≈≈≈§≈≈§≈≈...##..##.##.....#
≈≈§≈≈§≈≈≈≈≈N@##...*#[........
,,.§§§§≈≈≈...NN# ..
*#....(((.. * ,
...§≈≈≈..(..2# , *#.#...P...
.§.N≈≈.......# ,,....((.(.. *
, ...S≈§.(.....# * #.........
,,,...≈≈≈§......# ,,....P....
+#§§≈§§≈#'#### * #........ ,
, ..§§≈§§≈..§. , ,,.........*
..§§≈§≈≈...## *,,,


You could see a nagaraja (fast), a salamander mystic, a naga (fast) and a
friendly blizzard demon (summoned).

Vanquished Creatures
  Gastronok (D:8)
  2 nagarajas (Snake:4)
  Snorg (Orc:1)
  A yaktaur captain (D:15)
  7 naga warriors
  Harold (D:7)
  A vault guard (D:14)
  A hydra (D:14)
  A catoblepas (D:14)
  7 centaur warriors
  Erica (D:11)
  2 anacondas (Snake:2)
  3 two-headed ogres
  3 shock serpents
  9 naga sharpshooters
  2 salamander mystics (Snake:4)
  Pikel (D:5)
  3 lindwurms (Snake:4)
  5 orc knights
  2 mana vipers
  6 cyclopes
  2 orc sorcerers
  5 deep elf magi
  14 ugly things
  A manticore (D:12)
  4 salamanders
  An elephant (D:9)
  4 black mambas
  A centaur zombie (D:13)
  7 naga magi
  A guardian serpent (Snake:4)
  Psyche (D:8)
  2 centaur skeletons
  A cane toad (Lair:2)
  3 gargoyles
  An efreet (D:13)
  A queen bee (D:10)
  A meliai (shapeshifter) (D:13)
  A polar bear (D:11)
  10 trolls
  A blink frog (Lair:2)
  A blink frog (shapeshifter) (D:14)
  A hornet (D:10)
  2 hippogriffs
  A meliai zombie (D:13)
  Sigmund (D:4)
  11 yaks
  A shadow (D:11)
  A tarantella (shapeshifter) (D:14)
  A wyvern (D:10)
  2 wraiths
  A hog (shapeshifter) (D:14)
  A human (D:11)
  2 vampire mosquitoes (D:14)
  2 basilisks
  2 wargs
  19 nagas
  Edmund (D:5)
  Duvessa (D:5)
  A hornet zombie (D:15)
  42 orc warriors
  A black bear (D:7)
  13 ogres
  4 ice beasts
  3 phantoms
  6 wolves
  5 boggarts (D:15)
  5 sky beasts
  25 centaurs
  5 crocodiles
  2 lemures (D:5)
  A big kobold (D:14)
  13 bullfrogs
  A gnoll sergeant (D:8)
  5 scorpions
  Dowan (D:5)
  32 killer bees
  3 wights (D:8)
  3 electric eels (D:11)
  7 howler monkeys
  2 bullfrog zombies
  12 hounds
  23 orc priests
  3 bullfrog skeletons
  3 jellies
  Crazy Yiuf (D:5)
  24 orc wizards
  4 hell rats (Lair:2)
  4 iguanas
  4 worker ants
  2 hound zombies
  A hound skeleton (D:4)
  7 gnolls
  13 adders
  2 shadow imps
  3 white imps
  4 ufetubi
  An adder zombie (D:7)
  4 adder skeletons
  2 worms
  2 dart slugs
  5 leopard geckos
  130 orcs
  A ball python (D:2)
  4 giant cockroaches
  11 goblins
  5 hobgoblins
  7 jackals
  6 quokkas
  6 bats
  4 frilled lizards
  12 kobolds
  2 quokka zombies
  9 rats
674 creatures vanquished.

Vanquished Creatures (collateral kills)
  2 hydras
  An ugly thing (D:14)
  A cane toad (Lair:2)
  2 blink frogs (Lair:2)
  A vampire mosquito (D:14)
  A naga (Lair:2)
  A crocodile (Lair:2)
  A bullfrog (Lair:2)
  A scorpion (D:14)
11 creatures vanquished.

Vanquished Creatures (others)
  A quokka (D:11)
  2 fungi (D:9)
  25 plants
28 creatures vanquished.

Grand Total: 713 creatures vanquished

Notes
Turn   | Place    | Note
-------+----------+-------------------------------------------
     0 | D:1      | Flugslaktarn the Deep Dwarf Fighter began the quest for the
                  | Orb.
     0 | D:1      | Reached XP level 1. HP: 20/20 MP: 1/1
   105 | D:1      | Reached XP level 2. HP: 22/27 MP: 2/2
   219 | D:2      | Reached XP level 3. HP: 34/34 MP: 2/2
   574 | D:2      | Reached skill level 3 in Axes
   619 | D:3      | Reached XP level 4. HP: 33/42 MP: 3/3
   761 | D:3      | Found a glowing golden altar of the Shining One.
   834 | D:3      | Reached XP level 5. HP: 41/50 MP: 4/4
   908 | D:3      | Reached skill level 4 in Axes
  1120 | D:3      | Reached XP level 6. HP: 33/57 MP: 5/5
  1393 | D:4      | Found Vowas's Gadget Shop.
  1426 | D:4      | Noticed Sigmund
  1459 | D:4      | Killed Sigmund
  1459 | D:4      | Reached skill level 5 in Axes
  1459 | D:4      | Reached XP level 7. HP: 41/66 MP: 6/6
  1677 | D:4      | Reached skill level 5 in Fighting
  1959 | D:4      | Found a staircase to the Ecumenical Temple.
  2107 | Temple   | Entered the Ecumenical Temple
  2360 | Temple   | Became a worshipper of Makhleb the Destroyer
  2415 | D:5      | Entered Level 5 of the Dungeon
  2426 | D:5      | Reached skill level 5 in Armour
  2426 | D:5      | Reached skill level 5 in Shields
  2450 | D:5      | Reached skill level 6 in Axes
  2450 | D:5      | Reached skill level 1 in Invocations
  2515 | D:5      | Noticed Pikel
  2537 | D:5      | Killed Pikel
  2537 | D:5      | Reached XP level 8. HP: 42/76 MP: 6/8
  2626 | D:5      | Noticed Duvessa
  2627 | D:5      | Noticed Dowan
  2636 | D:5      | Killed Dowan
  2653 | D:5      | Killed Duvessa
  2709 | D:5      | Reached skill level 7 in Axes
  2835 | D:5      | Noticed Edmund
  2850 | D:5      | Killed Edmund
  3123 | D:5      | Found a runed translucent door.
  3125 | D:5      | Noticed Crazy Yiuf
  3167 | D:5      | Killed Crazy Yiuf
  3400 | D:6      | Gained mutation: You passively map the area around you.
                  | [Deep Dwarf growth]
  3400 | D:6      | Reached XP level 9. HP: 63/85 MP: 10/10
  3492 | D:6      | Reached * piety under Makhleb
  3566 | D:6      | Found a white marble altar of Elyvilon.
  3824 | D:6      | Reached skill level 8 in Axes
  4002 | D:4      | Bought a condenser vane (2/2) for 260 gold pieces
  4174 | D:7      | Reached skill level 1 in Evocations
  4196 | D:7      | Reached skill level 5 in Invocations
  4272 | D:7      | Noticed Harold
  4293 | D:7      | Killed Harold
  4415 | D:7      | Found Miapuplirch's Gadget Boutique.
  4460 | D:7      | Noticed a +0 dagger
  4460 | D:7      | Noticed a +0 hand axe
  4461 | D:7      | Found a hide-covered altar of Uskayaw.
  4464 | D:7      | Reached XP level 10. HP: 70/96 MP: 12/12
  4509 | D:7      | Found a shimmering altar of Xom.
  4510 | D:7      | Found a hazy altar of Hepliaklqana.
  4580 | D:8      | Reached ** piety under Makhleb
  4677 | D:8      | Noticed Gastronok
  4688 | D:8      | Reached skill level 9 in Axes
  4706 | D:8      | Killed Gastronok
  4877 | D:8      | Noticed Psyche
  4880 | D:8      | Found a flagged portal.
  4883 | D:8      | Killed Psyche
  4898 | Bailey   | Entered a bailey
  4984 | Bailey   | Reached *** piety under Makhleb
  5021 | Bailey   | Noticed an orc knight
  5026 | Bailey   | Noticed an orc knight
  5035 | Bailey   | Killed an orc knight
  5035 | Bailey   | Reached skill level 10 in Axes
  5065 | Bailey   | Killed an orc knight
  5072 | Bailey   | Noticed an orc knight
  5076 | Bailey   | Noticed an orc knight
  5079 | Bailey   | Noticed an orc knight
  5092 | Bailey   | Killed an orc knight
  5092 | Bailey   | Reached XP level 11. HP: 39/104 MP: 13/13
  5113 | Bailey   | Killed an orc knight
  5113 | Bailey   | Reached skill level 5 in Evocations
  6330 | D:9      | Noticed a two-headed ogre
  6342 | D:9      | Killed a two-headed ogre
  6342 | D:9      | Noticed a two-headed ogre
  6351 | D:9      | Killed a two-headed ogre
  6556 | D:9      | Found a staircase to the Lair.
  6687 | D:9      | Reached **** piety under Makhleb
  6772 | D:9      | Found a shimmering blue altar of Sif Muna.
  6825 | D:10     | Entered Level 10 of the Dungeon
  6960 | D:10     | Reached skill level 11 in Axes
  7492 | D:10     | Found Esoam's Magic Scroll Shop.
  7501 | D:10     | Reached skill level 10 in Fighting
  7793 | D:11     | Found a gate leading to a gauntlet.
  7805 | D:11     | Reached ***** piety under Makhleb
  7811 | D:11     | Reached XP level 12. HP: 116/116 MP: 14/14
  7823 | Gauntlet | Entered a Gauntlet
  7823 | Gauntlet | Found a transporter.
  7823 | Gauntlet | Found a transporter.
  7823 | Gauntlet | Noticed a reaper
  7839 | Gauntlet | Found a transporter.
  7843 | Gauntlet | Found a transporter.
  7853 | Gauntlet | Found a transporter.
  7874 | Gauntlet | Found a transporter.
  7884 | Gauntlet | Found a transporter.
  7890 | Gauntlet | Found a transporter.
  7932 | Gauntlet | Found a transporter.
  7950 | Gauntlet | Found a transporter.
  7958 | Gauntlet | Found a transporter.
  7975 | Gauntlet | Found a transporter.
  8026 | D:11     | Found a frozen archway.
  8029 | D:11     | Noticed Erica
  8047 | D:11     | Killed Erica
  8072 | IceCv    | Entered an ice cave
  8161 | D:11     | Noticed a five-headed hydra
  8186 | D:11     | Killed a five-headed hydra
  8263 | D:11     | Found a staircase to the Orcish Mines.
  8402 | D:11     | Reached skill level 12 in Axes
  9121 | D:12     | Found a burning altar of Makhleb.
  9121 | D:12     | Noticed a cacodemon
  9581 | D:13     | Noticed a centaur warrior
  9597 | D:13     | Killed a centaur warrior
  9772 | D:13     | Found a glowing golden altar of the Shining One.
  9776 | D:13     | Noticed a centaur warrior
  9778 | D:13     | Noticed a centaur warrior
  9786 | D:13     | Killed a centaur warrior
  9790 | D:13     | Killed a centaur warrior
  9790 | D:13     | Reached XP level 13. HP: 101/127 MP: 16/16
  9857 | D:13     | Reached ****** piety under Makhleb
 10197 | D:14     | Reached skill level 13 in Axes
 10197 | D:14     | Reached skill level 10 in Invocations
 10347 | D:14     | Found Qaataan's Antique Weapon Shop.
 10601 | D:14     | Found Rululeg's Assorted Antiques.
 10626 | D:14     | Found Edacvubb's Weapon Boutique.
 10636 | D:14     | Reached skill level 10 in Armour
 10798 | D:14     | Found a gate to the Vaults.
 10822 | D:15     | Entered Level 15 of the Dungeon
 10862 | D:15     | Reached skill level 10 in Shields
 11109 | D:15     | Found a glowing golden altar of the Shining One.
 11594 | D:15     | Found a staircase to the Depths.
 11876 | Orc:1    | Entered Level 1 of the Orcish Mines
 11908 | Orc:1    | Found a runed translucent gate.
 11908 | Orc:1    | Found a runed translucent gate.
 11908 | Orc:1    | Found a runed translucent gate.
 11908 | Orc:1    | You fall into a shaft and drop 1 floor!
 11908 | Orc:2    | Entered Level 2 of the Orcish Mines
 11954 | Orc:2    | Gained mutation: You resist negative energy. (rN+) [Deep
                  | Dwarf growth]
 11954 | Orc:2    | Reached XP level 14. HP: 136/136 MP: 18/18
 12022 | Orc:2    | Found Ideaner's Armour Emporium.
 12022 | Orc:2    | Found Zalascho's Book Shop.
 12300 | Orc:2    | Found a staircase to the Elven Halls.
 12385 | Orc:2    | Found Fiabax's Magic Scroll Boutique.
 12387 | Orc:2    | Found Apuis's Gadget Shoppe.
 12404 | Orc:2    | Bought a scroll of acquirement for 832 gold pieces
 12404 | Orc:2    | Acquired the +8 kite shield "Xur Simu" {rC+ Dex-5 Stlth+}
 12416 | Orc:2    | Bought a scroll of enchant armour for 120 gold pieces
 12416 | Orc:2    | Bought a scroll of blinking for 120 gold pieces
 12416 | Orc:2    | Bought a scroll of enchant armour for 120 gold pieces
 12450 | Orc:1    | Noticed ma3's ghost (journeyman DDFi)
 12538 | Orc:1    | Noticed Snorg
 12572 | Orc:1    | Killed Snorg
 12572 | Orc:1    | Reached skill level 14 in Axes
 12572 | Orc:1    | Reached skill level 10 in Evocations
 12646 | Orc:1    | Identified the cursed -8 robe "Mabygupt" {rElec}
 12649 | Orc:1    | Found an iron altar of Okawaru.
 12914 | D:10     | Bought a scroll of blinking for 112 gold pieces
 12914 | D:10     | Bought a scroll of enchant weapon for 112 gold pieces
 12977 | Lair:1   | Entered Level 1 of the Lair of Beasts
 13037 | Lair:2   | Found a staircase to the Swamp.
 13188 | Lair:2   | Found a staircase to the Snake Pit.
 13709 | Snake:1  | Entered Level 1 of the Snake Pit
 13769 | Snake:1  | Noticed Louise
 13772 | Snake:1  | Noticed a nagaraja
 14251 | Snake:4  | Entered Level 4 of the Snake Pit
 14371 | Snake:4  | Noticed a nagaraja
 14393 | Snake:4  | Killed a nagaraja
 14447 | Snake:4  | Noticed a nagaraja
 14465 | Snake:4  | Reached skill level 15 in Axes
 14470 | Snake:4  | Reached XP level 15. HP: 57/147 MP: 18/18
 14479 | Snake:4  | Noticed a nagaraja
 14506 | Snake:4  | Killed a nagaraja
 14551 | Snake:4  | Killed from afar by a nagaraja

Illustrated notes

Levels and vault maps discovered:
D:1:      psy_arrival_radial02, layout_loops_ring
D:2:      layout_basic, minmay_tall_x
D:3:      minmay_diamond_boxcup, layout_rooms, nicolae_overflow_crystal_walls,
          chequers_arboretum
D:4:      wander_river, layout_loops_ring, minmay_temple_entry_fiery,
          serial_shops, shop_statue, minmay_misc_feat_encased, uniq_sigmund
D:5:      layout_gridville, uniq_duvessa, uniq_pikel, uniq_crazy_yiuf_cottage,
          uniq_edmund
D:6:      layout_basic, nicolae_overflow_hidden_temple, gup_sewer_entry_spiral
D:7:      layout_rooms, regret_index_temple_of_mockery, dancing_weapons_uskayaw,
          serial_shops, nicolae_shop_window_shopping, uniq_harold
D:8:      layout_loops_corners, enter_bailey_3, serial_bayou_lagoon_a,
          uniq_gastronok, uniq_psyche
D:9:      layout_long_grid, led_sif_pool, david_lair_generic, st_stairs_5
D:10:     layout_long_grid, serial_shops, shop, special_room [special_room_bee],
          uniq_josephine
D:11:     layout_gridville, erik_orc_4, serial_ice, serial_ice_d, serial_ice_n,
          serial_ice_a, serial_ice_i, portal_ice_cave_entry_pillars_1,
          gauntlet_entry_generic, uniq_erica
D:12:     layout_cave_pools, makhleb_altar_promises_db
D:13:     layout_long_grid, basic_altar, serial_co_window_serial,
          co_window_paths_a, co_window_paths_a, co_window_corner_a,
          co_window_corner_a, co_window_of_opportunity_a, co_window_2corner,
          co_window_corner_b, co_window_2corner, co_window_paths_d,
          co_window_paths_e, glass_columns_b, glass_columns_a
D:14:     layout_cave_pools, david_vaults_5, serial_shops, nicolae_shop_trees,
          shop_coins, nicolae_shop_overgrown_old_shop, serial_rivers,
          chequers_serial_rivers_marsh, chequers_serial_rivers_room_b,
          chequers_serial_rivers_micro_a, chequers_serial_rivers_micro_d,
          chequers_serial_rivers_small_3
D:15:     grunt_enter_depths_snipers, layout_stronghold,
          nicolae_tso_swordbearing_angel
Temple:   oiseaux_autumnal_temple
Lair:1:   layout_gridlike, st_stairs_10, fungi_pond_lemuel, wad_woods_03,
          uniq_grum, uniq_joseph
Lair:2:   layout_chaotic_city, swamp_mist, minmay_snake_entry_guardpost_medium,
          minmay_stone_trees_small, minivault_19, grunt_forest_stairs_basic
Snake:1:  gammafunk_sealed_library, layout_basic, nicolae_snake_double_loop,
          drop_trap, uniq_aizul, uniq_louise
Snake:2:  gammafunk_the_bubble [the_bubble_gammafunk_plus_minus],
          layout_misc_corridors, serial_shops, nicolae_shop_waterfront
Snake:3:  layout_rooms
Snake:4:  snake_pit_salamanders_mu, layout_basic, minmay_shoptagon,
          lemuel_fruit_tree
Orc:1:    layout_diamond_mine, gammafunk_ghost_fury_of_okawaru, serial_shops,
          uniq_snorg
Orc:2:    st_orc_rangers, layout_caves

Skill      XL: |  1  2  3  4  5  6  7  8  9 10 11 12 13 14 |
---------------+-------------------------------------------+-----
Fighting       | 3 4 6 7 8 10 11 13 | 13.2
Axes           | 3 4 5 6 7 8 10 11 12 13 15 | 15.2
Armour         | 4 5 6 7 8 9 10 11 | 11.4
Shields        | 4 5 6 7 8 9 10 11 | 11.4
Invocations    | 2 3 5 7 8 9 10 12 | 12.2
Evocations     | 2 4 6 8 9 10 | 10.0

Action                   |  1- 3 |  4- 6 |  7- 9 | 10-12 | 13-15 || total
-------------------------+-------+-------+-------+-------+-------++-------
Melee: War axe           |    65 |   205 |   439 |   873 |   885 ||  2467
Invok: Lesser Servant of |       |       |       |     2 |     4 ||     6
       Greater Servant o |       |       |       |       |     1 ||     1
 Abil: Heal Wounds       |     1 |     3 |     8 |    12 |    16 ||    40
Evoke: Condenser vane    |       |       |       |     3 |     4 ||     7
       Wand              |       |       |       |       |     2 ||     2
  Use: Scroll            |     2 |       |     5 |    20 |     8 ||    35
       Potion            |       |       |       |     2 |     2 ||     4
 Stab: Confused          |       |       |       |     8 |       ||     8
       Petrified         |       |       |       |       |     6 ||     6
       Distracted        |       |       |       |       |     6 ||     6
Armor: Scale mail        |    25 |       |       |       |       ||    25
       Chain mail        |     5 |       |   141 |   543 |   296 ||   985
       Plate armour      |    15 |   177 |   104 |       |   172 ||   468
Dodge: Dodged            |    16 |    37 |    77 |   238 |   156 ||   524
Block: Kite shield       |    40 |   114 |   242 |   573 |   765 ||  1734

Table legend: (Time is in decaauts)
 A = Elapsed time spent in this place.
 B = Non-inter-level travel time spent in this place.
 C = Inter-level travel time spent in this place.
 D = Time resting spent in this place.
 E = Time spent auto-exploring this place.
 F = Levels seen in this place.
 G = Mean time per level.
                   A        B        C        D        E       F      G
               +--------+--------+--------+--------+--------+-----+--------+
         Total |  14634 |  13578 |   1056 |    209 |   9126 |  27 |  542.0 |
       Dungeon |  11203 |  10293 |    910 |      0 |   7227 |  15 |  746.9 |
        Temple |    289 |    242 |     47 |      0 |    239 |   1 |  289.0 |
          Lair |    719 |    702 |     17 |      0 |    584 |   2 |  359.5 |
     Snake Pit |    788 |    739 |     49 |      9 |    304 |   4 |  197.0 |
  Orcish Mines |    938 |    907 |     31 |      0 |    541 |   2 |  469.0 |
        Bailey |    470 |    470 |      0 |    200 |     61 |   1 |  470.0 |
      Ice Cave |     49 |     49 |      0 |      0 |     10 |   1 |   49.0 |
      Gauntlet |    175 |    175 |      0 |      0 |    159 |   1 |  175.0 |
               +--------+--------+--------+--------+--------+-----+--------+

Top non-repeatable levels by time:
    D:10: 1040 daAuts
     D:8: 1033 daAuts
     D:4: 1028 daAuts
    D:15: 986 daAuts
     D:5: 920 daAuts
    D:13: 878 daAuts
     D:9: 751 daAuts
     D:6: 742 daAuts
    D:14: 718 daAuts
     D:3: 707 daAuts
  Lair:2: 690 daAuts
    D:11: 668 daAuts
    D:12: 601 daAuts
   Orc:2: 508 daAuts
     D:2: 508 daAuts
